 Dungeon Crawl Stone Soup version 0.28.0-45-g0d030f2227 (webtiles) character file.

Game seed: 13148714724923813895

174 terff the Ruffian (level 5, 0/41 HPs)
             Began as a Draconian Transmuter on Apr 9, 2022.
             Was a Follower of Cheibriados.
             Slain by a hobgoblin (4 damage)
             ... led by Robin
             ... on level 3 of the Dungeon.
             The game lasted 00:06:49 (2846 turns).

terff the Ruffian (Draconian Transmuter)            Turns: 2846, Time: 00:06:50

Health: 0/41       AC:  5    Str: 17    XL:     5   Next: 28%
Magic:  8/8        EV: 13    Int: 17    God:    Cheibriados [*.....]
Gold:   47         SH:  0    Dex: 14    Spells: 6/9 levels left

rFire   + . .      SeeInvis .   d - +0 dagger
rCold   . . .      Faith    .   (no shield)
rNeg    . . .      Spirit   .   (armour unavailable)
rPois   .          Reflect  .   (helmet restricted)
rElec   .          Harm     .   (no cloak)
rCorr   .          Rampage  .   (no gloves)
Will    .....                   (no boots)
Stlth   +.........              (no amulet)
HPRegen 0.13/turn               h - ring of protection from fire
MPRegen 0.11/turn               (no ring)

@: wereblooded (expiring), very slow
A: AC +5, unfitting armour, cold-blooded
a: Renounce Religion, Bend Time


You were on level 3 of the Dungeon.
You worshipped Cheibriados.
Cheibriados was aware of your devotion.
You visited 1 branch of the dungeon, and saw 3 of its levels.

You collected 47 gold pieces.

Inventory:

Hand Weapons
 d - a +0 dagger (weapon)
Jewellery
 h - a ring of protection from fire (left hand)
Scrolls
 b - a scroll of magic mapping
 i - 2 scrolls of amnesia
Potions
 a - a potion of mutation {unknown}
 c - a potion of heal wounds {unknown}
 e - a potion of curing {unknown}
 f - a potion of attraction {unknown}
 g - 2 potions of haste {unknown}


   Skills:
 + Level 1.8 Fighting
 + Level 0.4 Short Blades
 + Level 3.2 Dodging
 + Level 0.2 Stealth
 + Level 4.0 Unarmed Combat
 + Level 2.5 Spellcasting
 + Level 2.7 Transmutations


You had 6 spell levels left.
You knew the following spells:

 Your Spells              Type           Power      Damage    Failure   Level
a - Beastly Appendage     Tmut           22%        N/A       6%          1
b - Wereblood             Tmut           11%        N/A       10%         2

Your spell library contained the following spells:

 Spells                   Type           Power      Damage    Failure   Level
 Pain                     Necr           8%         1d4       19%         1
 Spider Form              Tmut/Pois      6%         N/A       32%         3
 Stone Arrow              Conj/Erth      4%         3d7       50%         3
 Ice Form                 Ice/Tmut       6%         N/A       71%         4
 Agony                    Necr           2%         N/A       99%         5
 Excruciating Wounds      Necr           1%         N/A       99%         5
 Lehudib's Crystal Spear  Conj/Erth      1%         10d2      100%        8
 Animate Armour           Summ/Erth      Unusable   N/A       N/A         4

Dungeon Overview and Level Annotations

Branches:
Dungeon (3/15)

Altars:
Cheibriados


Innate Abilities, Weirdness & Mutations

Your plain brown scales are hard. (AC +5)
You cannot fit into any form of body armour.
You are cold-blooded and may be slowed by cold attacks.


Message History

* * * LOW HITPOINT WARNING * * *
The goblin closely misses you.
Robin zaps a wand.
The puff of flame hits you. You resist.
* * * LOW HITPOINT WARNING * * *
You hit Robin but do no damage. You tail-slap Robin.
Robin is almost dead.
The hobgoblin hits you.
* * * LOW HITPOINT WARNING * * *
The hobgoblin hits you but does no damage.
The hobgoblin closely misses you. The goblin barely misses you.
Robin closely misses you.
You hit Robin.
You feel a bit better.
You kill Robin!
Cheibriados appreciates the change of pace.
You howl as the wereblood boils in your veins!
The hobgoblin hits you.
* * * LOW HITPOINT WARNING * * *
The hobgoblin hits you but does no damage.
The hobgoblin misses you. The goblin misses you.
You hit the hobgoblin.
The hobgoblin is severely wounded.
Your primal bloodlust is almost over.
The hobgoblin barely misses you. The hobgoblin closely misses you.
The hobgoblin misses you. The goblin hits you with a +0 club.
* * * LOW HITPOINT WARNING * * *
You hit the hobgoblin.
You feel a bit better.
You kill the hobgoblin!
Cheibriados thoroughly appreciates the change of pace.
Cheibriados raises the support of your attributes as your movement slows.
The hobgoblin barely misses you. The hobgoblin closely misses you.
The goblin closely misses you. The hobgoblin misses you.
The hobgoblin hits you.
* * * LOW HITPOINT WARNING * * *
The hobgoblin hits you but does no damage.
You see here a hobgoblin corpse.
You hit the hobgoblin.
The hobgoblin is moderately wounded.
The goblin closely misses you. The hobgoblin misses you.
The hobgoblin hits you.
You die...

#.# #.#........
#.#.# #.#........
#.#.# #.#........
#.##.#.###.##.......
#>..................
#.##.#.######.......
#####.##.#.###
###.####
........g....# ... #
.......@g)...# ##
...##.!g)....# ..
###.....## ##
#.....# ##.#### #.#
#.# ...


You could see 2 hobgoblins and a goblin.

Vanquished Creatures
  A scorpion (D:2)
  A hound (D:2)
  Robin (D:3)
  An adder (D:2)
  A worm (D:2)
  2 dart slugs
  7 bats
  3 endoplasms
  3 giant cockroaches
  9 goblins
  7 hobgoblins
  4 jackals (D:1)
  6 kobolds (D:1)
  A quokka (D:1)
  4 ball pythons
  2 frilled lizards (D:1)
  2 rats
55 creatures vanquished.

Notes
Turn   | Place    | Note
-------+----------+-------------------------------------------
     0 | D:1      | terff the Draconian Transmuter began the quest for the Orb.
     0 | D:1      | Reached XP level 1. HP: 16/16 MP: 3/3
   135 | D:1      | Reached XP level 2. HP: 21/23 MP: 3/5
   571 | D:1      | Reached XP level 3. HP: 20/28 MP: 4/6
  1054 | D:1      | Learned a level 2 spell: Wereblood
  1272 | D:2      | Reached XP level 4. HP: 17/35 MP: 7/7
  1514 | D:2      | Noticed a scorpion
  1525 | D:2      | Killed a scorpion
  1526 | D:2      | Reached skill level 4 in Unarmed Combat
  1812 | D:2      | Reached XP level 5. HP: 32/41 MP: 5/8
  2308 | D:2      | Found a faded altar of an unknown god.
  2613 | D:2      | Prayed at the altar of an unknown god.
  2613 | D:2      | Became a worshipper of Cheibriados the Contemplative
  2613 | D:2      | Reached * piety under Cheibriados
  2827 | D:3      | Noticed Robin
  2842 | D:3      | Killed Robin
  2843 | D:3      | HP: 1/41 [goblin/+0 club[Robin] (4)]
  2846 | D:3      | Slain by a hobgoblin

Illustrated notes

Levels and vault maps discovered:
D:1:      lightli_arrival_lavapool, layout_loops_cross
D:2:      layout_loops_ring, shapermc_ecumenical_altar_ellora
D:3:      layout_basic, kennysheep_generic_room_6, uniq_robin, uniq_terence

Skill      XL: |  1  2  3  4 |
---------------+-------------+-----
Dodging        | 2 3 |  3.2
Unarmed Combat | 4 |  4.0
Fighting       | |  1.8
Short Blades   | |  0.4
Stealth        | |  0.2
Spellcasting   | |  2.5
Transmutations | |  2.7

Action                   |  1- 3 |  4- 6 || total
-------------------------+-------+-------++-------
Melee: Unarmed           |    96 |       ||    96
       Tailslap          |    15 |     9 ||    24
       Kick              |    14 |     2 ||    16
       Headbutt          |     7 |     1 ||     8
       Punch             |     2 |     3 ||     5
       Dagger            |    27 |    74 ||   101
 Cast: Beastly Appendage |    13 |     2 ||    15
       Wereblood         |     1 |     3 ||     4
  Use: Scroll            |       |     2 ||     2
 Stab: Sleeping          |       |     1 ||     1
Armor: Skin              |    79 |    37 ||   116
Dodge: Dodged            |   154 |    72 ||   226
